[Event "November 21 Early 2023"]
[Site "https://www.chess.com"]
[Date "2023.11.21"]
[Round "5"]
[White "Ljukin, Sergei"]
[Black "Shuvalov, Evgenij"]
[Result "1/2-1/2"]
[Board "123"]
[TimeControl "180+1"]
[WhiteFideId "14102200"]
[BlackFideId "4187237"]
[WhiteElo "2312"]
[BlackElo "2059"]
[WhiteTeam "UKR"]
[BlackTeam "FID"]
[WhiteClock "0:00:11"]
[BlackClock "0:00:17"]

1. e4 e6 2. d4 d5 3. Nc3 Bb4 4. e5 c5 5. a3 Bxc3+ 6. bxc3 Ne7 7. h4 Nbc6 8. h5 h6 9. Qg4 Rg8 10. Bd3 Nf5 11. Nf3 c4 12. Bxf5 exf5 13. Qg3 Qa5 14. Bd2 Be6 15. a4 O-O-O 16. O-O g5 17. hxg6 Rxg6 18. Qh2 Rdg8 19. Nh4 Nxd4 20. Nxg6 Rxg6 21. Kh1 f4 22. Qxf4 Nc6 23. Qe3 d4 24. cxd4 Qd5 25. f3 Nxd4 26. Qe4 Nf5 27. Qxd5 Ng3+ 28. Kg1 Bxd5 29. Rfe1 Kd7 30. Bf4 Nf5 31. Kf2 Ke6 32. Rab1 Nd4 33. Rb2 c3 34. Rb5 Nxb5 35. axb5 h5 36. Be3 a6 37. bxa6 bxa6 38. Ra1 Bc4 39. Rb1 Bb5 40. Rb3 Kxe5 41. Rxc3 Rc6 42. Rxc6 Bxc6 43. Bd2 Kd5 44. Ke3 Kc4 45. Kf4 Ba4 46. Kg5 Bxc2 47. Kxh5 Kb5 48. g4 a5 49. Kg5 a4 50. Kf6 Bd1 51. Kxf7 Bxf3 52. g5 Be4 53. g6 Bxg6+ 54. Kxg6 Kc4 55. Bg5 Kb3 56. Bf6 a3 57. Bg7 a2 58. Bf6 Kc2 59. Bg7 Kb1 60. Bf6 a1=Q 61. Bxa1 1/2-1/2

[Event "November 21 Early 2023"]
[Site "https://www.chess.com"]
[Date "2023.11.21"]
[Round "5"]
[White "Badelka, Olga"]
[Black "Ovezdurdyyeva, Jemal"]
[Result "1-0"]
[Board "124"]
[TimeControl "180+1"]
[WhiteFideId "13509926"]
[BlackFideId "14001888"]
[WhiteElo "2262"]
[BlackElo "2086"]
[WhiteTeam "FID"]
[BlackTeam "TKM"]
[WhiteClock "0:00:38"]
[BlackClock "0:00:32"]

1. c4 Nf6 2. Nc3 g6 3. d4 b6 4. e4 d6 5. Nf3 Bg7 6. h3 O-O 7. Be3 c5 8. Be2 Nbd7 9. e5 Ne8 10. exd6 exd6 11. O-O Nc7 12. Bg5 f6 13. Be3 Bb7 14. Re1 Re8 15. Qd2 Qe7 16. Rad1 Rad8 17. Bf4 Nf8 18. Nd5 Nxd5 19. cxd5 Qf7 20. dxc5 bxc5 21. Bb5 Rxe1+ 22. Nxe1 f5 23. Nf3 Qf6 24. Bg5 1-0

[Event "November 21 Early 2023"]
[Site "https://www.chess.com"]
[Date "2023.11.21"]
[Round "5"]
[White "Khater, Sherif"]
[Black "Tarasova, Viktoriya"]
[Result "0-1"]
[Board "125"]
[TimeControl "180+1"]
[WhiteFideId "2034280"]
[BlackFideId "4175840"]
[WhiteElo "2552"]
[BlackElo "2182"]
[WhiteTeam "USA"]
[BlackTeam "RUS"]
[WhiteClock "0:00:15"]
[BlackClock "0:00:11"]

1. c4 e5 2. Nc3 Nf6 3. g3 Bb4 4. Bg2 O-O 5. e3 c6 6. Nge2 d5 7. cxd5 cxd5 8. d4 e4 9. O-O Nc6 10. a3 Be7 11. b4 a6 12. Bb2 Be6 13. Rc1 Rc8 14. Na4 b6 15. h3 Na7 16. Nf4 Rxc1 17. Qxc1 Bd7 18. Nc3 Bc6 19. Qc2 Qd7 20. Qb3 Rc8 21. Rc1 g5 22. Nfe2 Bd8 23. Kh2 Nb5 24. a4 Nd6 25. Ra1 Kg7 26. Ba3 Nc4 27. Bc1 h5 28. Bf1 Bc7 29. b5 Bb7 30. bxa6 Bxa6 31. Nb5 Bb8 32. Nec3 Na5 33. Qd1 h4 34. Ne2 Nc4 35. Nbc3 Bd6 36. Kg2 g4 37. Nf4 gxh3+ 38. Kh2 Ng4+ 39. Kg1 h2+ 40. Kg2 h1=Q+ 41. Kxh1 Nxf2+ 42. Kg2 Nxd1 43. Nh5+ Kh6 44. Nxd1 Kxh5 45. Be2+ Kh6 46. g4 Rg8 47. Nf2 Bc8 48. a5 bxa5 49. Rb1 Bc7 50. Ra1 Qd6 51. Kf1 Qh2 52. Rb1 Bg3 0-1

[Event "November 21 Early 2023"]
[Site "https://www.chess.com"]
[Date "2023.11.21"]
[Round "5"]
[White "MIss_MIaMI"]
[Black "Tikhonov, Viacheslav"]
[Result "0-1"]
[Board "126"]
[TimeControl "180+1"]
[BlackFideId "44196407"]
[WhiteElo "2371"]
[BlackElo "2191"]
[BlackTeam "RUS"]
[WhiteClock "0:00:00"]
[BlackClock "0:01:35"]

1. e4 c5 2. Nf3 g6 3. d4 cxd4 4. c3 Bg7 5. Bc4 Nc6 6. O-O Nf6 7. e5 Ne4 8. cxd4 d5 9. Bb3 O-O 10. h3 f6 0-1

[Event "November 21 Early 2023"]
[Site "https://www.chess.com"]
[Date "2023.11.21"]
[Round "5"]
[White "Omariev, Maksim"]
[Black "mkllnd1517"]
[Result "1/2-1/2"]
[Board "127"]
[TimeControl "180+1"]
[WhiteFideId "4193423"]
[WhiteElo "2546"]
[BlackElo "2363"]
[WhiteTeam "RUS"]
[WhiteClock "0:00:07"]
[BlackClock "0:00:04"]

1. g4 d5 2. Bg2 Bxg4 3. c4 c6 4. Qb3 Nf6 5. Qxb7 Nbd7 6. Nc3 e6 7. Qxc6 Rc8 8. Qa6 Rxc4 9. b3 Rc8 10. Ba3 Bxa3 11. Qxa3 Nc5 12. h3 Bh5 13. Qxa7 O-O 14. Nf3 Nce4 15. Qd4 Re8 16. O-O Bxf3 17. Bxf3 e5 18. Qb4 Nxd2 19. Bg2 Nxf1 20. Rxf1 d4 21. Nb5 Qb6 22. a4 Red8 23. a5 Qe6 24. Qa4 Qa6 25. b4 Rb8 26. Nc7 Qd6 27. Nb5 Qd7 28. a6 Qxb5 29. Qxb5 Rxb5 30. a7 Rxb4 31. Ra1 Rbb8 32. axb8=Q Rxb8 33. Ra5 Re8 34. Bc6 Rc8 35. Bb7 Rb8 36. Bf3 Nd7 37. Ra6 f6 38. Bg4 Nf8 39. Ra7 g6 40. Kg2 Rd8 41. Bf3 h5 42. Bc6 Ne6 43. Bb5 Ng5 44. Bc4+ Kh8 45. h4 Ne4 46. Bd3 Nd6 47. Bxg6 Rg8 48. Kh3 Rxg6 49. Ra6 Nf5 50. Re6 Kh7 51. e4 Ng7 52. Re7 Kh6 53. f3 Rg1 54. Rf7 Kg6 55. Rd7 Rf1 56. Kg2 Re1 57. Kf2 Ra1 58. Kg3 Ra2 59. f4 exf4+ 60. Kxf4 Ne6+ 61. Kg3 Ra3+ 62. Kg2 Nf4+ 63. Kf2 Rh3 64. Rxd4 Rxh4 65. Kg3 Rg4+ 66. Kf3 Ne6 67. Rd6 Ng5+ 68. Ke3 Rxe4+ 69. Kd3 Re5 70. Rd4 Rf5 71. Rh4 Rf3+ 72. Ke2 Rh3 73. Rf4 h4 74. Kf2 Rh1 75. Kg2 Ra1 76. Rxh4 Ra2+ 77. Kg3 f5 78. Rb4 Ne4+ 79. Kf4 Rf2+ 80. Ke3 Rf1 81. Ke2 Rh1 82. Kf3 Kg5 83. Rb8 Rh3+ 84. Kg2 Ra3 85. Rb4 Kf4 86. Kf1 Kf3 87. Kg1 f4 88. Rb2 Ng3 89. Rf2+ Kg4 90. Kg2 Ra1 91. Rb2 Ra4 92. Rc2 Nf5 93. Rb2 Ne3+ 94. Kf2 Ra1 95. Rb8 Rf1+ 96. Ke2 Rh1 97. Rg8+ Kh3 98. Kf3 Rf1+ 99. Ke2 Ra1 100. Kf3 Ng2 101. Rh8+ Nh4+ 102. Kxf4 Rf1+ 103. Kg5 Kg3 104. Rxh4 Rf5+ 105. Kxf5 Kxh4 1/2-1/2

[Event "November 21 Early 2023"]
[Site "https://www.chess.com"]
[Date "2023.11.21"]
[Round "5"]
[White "Palacio,Igor Da Paz"]
[Black "Kovalyov_Eduard"]
[Result "1-0"]
[Board "128"]
[TimeControl "180+1"]
[WhiteFideId "2121140"]
[WhiteElo "2126"]
[BlackElo "2544"]
[WhiteTeam "BRA"]
[WhiteClock "0:00:01"]
[BlackClock "0:00:00"]

1. e4 e5 2. Nf3 Nc6 3. Bb5 a6 4. Ba4 Nf6 5. O-O Be7 6. Re1 b5 7. Bb3 O-O 8. c3 d6 9. d3 Bb7 10. Nbd2 Re8 11. Nf1 Bf8 12. Ng3 Nb8 13. Ng5 Re7 14. Nf5 Rd7 15. f4 g6 16. Ng3 h6 17. Nf3 Re7 18. f5 Kh7 19. fxg6+ fxg6 20. Rf1 Bg7 21. h4 Nbd7 22. h5 Nxh5 23. Nxh5 gxh5 24. Nh4 Nc5 25. Qxh5 Nxb3 26. Qg6+ Kg8 27. axb3 Qe8 28. Qg4 Bc8 29. Nf5 Bxf5 30. exf5 Qd7 31. Bxh6 Rf7 32. Qg5 Kf8 33. f6 Bxh6 34. Qxh6+ Ke8 35. Rf3 Qe6 36. Qg6 Kd7 37. Raf1 Qxb3 38. Qf5+ Qe6 39. Qe4 Rg8 40. Qh4 Rg4 41. Qh3 Rg6 42. Qh4 c5 43. Qh5 Qg4 44. Qxg4+ 1-0

[Event "November 21 Early 2023"]
[Site "https://www.chess.com"]
[Date "2023.11.21"]
[Round "5"]
[White "Eggleston, Thomas A"]
[Black "Gavrilov, Maxim"]
[Result "0-1"]
[Board "129"]
[TimeControl "180+1"]
[WhiteFideId "412139"]
[BlackFideId "24271454"]
[WhiteElo "2169"]
[BlackElo "2157"]
[WhiteTeam "ENG"]
[BlackTeam "RUS"]
[WhiteClock "0:00:00"]
[BlackClock "0:00:06"]

1. e4 c5 2. Nf3 d6 3. Bc4 Nf6 4. d3 Nc6 5. c3 e6 6. Bb3 Be7 7. O-O O-O 8. Re1 b5 9. d4 cxd4 10. cxd4 e5 11. h3 Bb7 12. Nc3 b4 13. Nd5 exd4 14. Nxd4 Nxd5 15. Bxd5 Nxd4 16. Bxb7 Rb8 17. Bd5 Bf6 18. Be3 Nb5 19. Re2 a5 20. f4 a4 21. Qxa4 Qe7 22. Rd1 Rfc8 23. Bf2 Qc7 24. g4 g6 25. g5 Bg7 26. f5 Be5 27. h4 Kh8 28. h5 gxh5 29. Qb3 Rg8 30. Bxf7 Rxg5+ 31. Kh1 h4 32. Bxh4 Rg4 33. Qh3 Rg7 34. Be6 Nd4 35. Rg2 Nxe6 36. fxe6 Qc6 37. Rxg7 Bxg7 38. Re1 Rf8 39. e7 Re8 40. Qe6 Qc7 41. Qf7 Rg8 42. Rg1 Qd7 0-1

[Event "November 21 Early 2023"]
[Site "https://www.chess.com"]
[Date "2023.11.21"]
[Round "5"]
[White "NovoselovRoman"]
[Black "komogro"]
[Result "0-1"]
[Board "130"]
[TimeControl "180+1"]
[WhiteElo "2540"]
[BlackElo "2337"]
[WhiteClock "0:00:00"]
[BlackClock "0:00:03"]

1. e4 e5 2. Nf3 Nc6 3. Bc4 Bc5 4. O-O Nf6 5. d4 Bxd4 6. Nxd4 Nxd4 7. Bg5 d6 8. f4 Be6 9. Bd3 h6 10. Bh4 exf4 11. Nd2 g5 12. Bf2 Nc6 13. Nf3 Ng4 14. Bb5 Nxf2 15. Rxf2 O-O 16. h4 g4 17. Nd2 Qxh4 18. Bxc6 g3 19. Rf3 Qh2+ 20. Kf1 Qh1+ 21. Ke2 Qxg2+ 22. Kd3 bxc6 23. Rxf4 f5 24. Rh4 fxe4+ 25. Kc3 Kg7 26. Qh5 Rf6 27. Re1 Qf2 28. Rexe4 Qc5+ 29. Qxc5 dxc5 30. Re3 Rg6 31. Rh1 Bd5 32. Rg1 g2 33. Kd3 Rf8 34. c4 Be6 35. Re2 Bf5+ 36. Kc3 Bh3 37. Re3 Rf1 38. Nxf1 gxf1=Q 39. Re7+ Kf6 40. Rxf1+ Bxf1 41. Rxc7 Rg3+ 42. Kd2 Bxc4 43. Rxc6+ Ke5 44. Rxc5+ Kd4 45. Rh5 Rg2+ 46. Kc1 Bd3 47. Rh4+ Be4 48. Rxh6 Rc2+ 49. Kd1 Rxb2 50. Ra6 Bd3 51. Ra4+ Ke3 52. Re4+ Bxe4 0-1

[Event "November 21 Early 2023"]
[Site "https://www.chess.com"]
[Date "2023.11.21"]
[Round "5"]
[White "Hoffmann, Asa"]
[Black "aghasiyevkamal"]
[Result "0-1"]
[Board "131"]
[TimeControl "180+1"]
[WhiteFideId "2001470"]
[WhiteElo "2117"]
[BlackElo "2536"]
[WhiteTeam "USA"]
[WhiteClock "0:00:00"]
[BlackClock "0:00:05"]

1. d4 d5 2. Bg5 h6 3. Bh4 c5 4. c3 Qb6 5. Qd2 Nc6 6. e3 Bf5 7. f3 e6 8. b3 Bd6 9. Bd3 Nge7 10. Ne2 cxd4 11. exd4 Bxd3 12. Qxd3 Nf5 13. Bf2 Qc7 14. g4 Nfe7 15. h4 O-O-O 16. Nd2 e5 17. O-O-O f6 18. Kb1 Kb8 19. Rc1 h5 20. g5 Qd7 21. gxf6 gxf6 22. Rhg1 Qf5 23. Qxf5 Nxf5 24. Rg6 Rdf8 25. Rcg1 Nce7 26. R6g2 Rhg8 27. Rxg8 Rxg8 28. Rxg8+ Nxg8 29. Kc2 Kc7 30. Kd3 Kd7 31. c4 dxc4+ 32. Nxc4 exd4 33. Nxd4 Nxd4 34. Bxd4 a6 35. Nxd6 Kxd6 36. Ke4 Ke6 37. Be3 Ne7 38. b4 Nd5 39. Bd2 Nc7 40. a4 Ne8 41. Bf4 Ng7 42. b5 axb5 43. axb5 Nf5 44. Bb8 Nxh4 45. Kf4 Ng6+ 46. Kg3 Kf5 47. Bc7 Kg5 48. b6 h4+ 49. Kh3 Nf4+ 50. Kh2 Nd5 51. Kh3 Nf4+ 52. Kh2 Kf5 53. Bd8 Ng6 54. Bc7 Kg5 55. Kh3 f5 56. Bd8+ Kh5 57. Bf6 Nf8 58. Bxh4 Ne6 59. Bg3 f4 60. Bf2 Kg5 61. Kg2 Kf5 62. Kf1 Ke5 63. Ke2 Nd4+ 0-1

[Event "November 21 Early 2023"]
[Site "https://www.chess.com"]
[Date "2023.11.21"]
[Round "5"]
[White "Rose, Felix"]
[Black "Alinasab, Mobina"]
[Result "0-1"]
[Board "132"]
[TimeControl "180+1"]
[WhiteFideId "5105722"]
[BlackFideId "12528897"]
[WhiteElo "2039"]
[BlackElo "2052"]
[WhiteTeam "MEX"]
[BlackTeam "IRI"]
[WhiteClock "0:00:00"]
[BlackClock "0:00:24"]

1. e4 c5 2. Nf3 d6 3. d4 cxd4 4. Nxd4 Nf6 5. Nc3 a6 6. h3 Bd7 7. g4 g6 8. Be3 Nc6 9. Qd2 Nxd4 10. Bxd4 Bg7 11. O-O-O O-O 12. Be2 Bc6 13. g5 Nd7 14. h4 Nc5 15. Bxg7 Kxg7 16. h5 e5 17. f3 Ne6 18. h6+ Kh8 19. Rhg1 Nd4 20. Qe3 Ne6 21. Bc4 Nf4 22. Ne2 Nxe2+ 23. Qxe2 f5 24. Bd5 Bxd5 25. Rxd5 fxe4 26. fxe4 Qb6 27. Rgd1 Rad8 28. Qd2 Rf2 29. Rxd6 Rxd2 0-1

[Event "November 21 Early 2023"]
[Site "https://www.chess.com"]
[Date "2023.11.21"]
[Round "5"]
[White "Baches Garcia, Guillermo"]
[Black "alfianasybullina"]
[Result "1/2-1/2"]
[Board "133"]
[TimeControl "180+1"]
[WhiteFideId "2209764"]
[WhiteElo "2530"]
[BlackElo "2324"]
[WhiteTeam "ESP"]
[WhiteClock "0:00:52"]
[BlackClock "0:01:10"]

1. d4 Nf6 2. Nf3 c5 3. c3 d5 4. Bg5 cxd4 5. cxd4 Qb6 6. Bxf6 Qxf6 7. Nc3 e6 8. e3 a6 9. Bd3 Nc6 10. O-O Bd6 11. Na4 O-O 12. Nb6 Rb8 13. Rc1 Qd8 14. Nxc8 Rxc8 15. Qa4 Qa5 16. Qc2 g6 17. Qb1 Nb4 18. a3 Nxd3 19. Qxd3 Qb5 20. Qd2 Qb3 21. Rxc8 Rxc8 22. Rc1 Rc4 23. Ne1 Kg7 24. Nd3 b5 25. g3 Rxc1+ 26. Nxc1 Qc4 27. Nd3 a5 28. b4 axb4 29. axb4 Kg8 30. Kg2 Kg7 31. h4 h5 32. Kf3 Qb3 33. Kg2 Qc4 34. Kf3 Qb3 35. Kg2 Qc4 1/2-1/2

[Event "November 21 Early 2023"]
[Site "https://www.chess.com"]
[Date "2023.11.21"]
[Round "5"]
[White "Minina, Veronika"]
[Black "Bilan, Danila"]
[Result "0-1"]
[Board "134"]
[TimeControl "180+1"]
[WhiteFideId "4174780"]
[BlackFideId "24161918"]
[WhiteElo "1905"]
[BlackElo "2146"]
[WhiteTeam "RUS"]
[BlackTeam "RUS"]
[WhiteClock "0:00:00"]
[BlackClock "0:00:14"]

1. Nf3 d5 2. g3 Nf6 3. Bg2 Bf5 4. c4 c6 5. cxd5 cxd5 6. Qb3 Qb6 7. Qxb6 axb6 8. O-O Bxb1 9. Rxb1 Rxa2 10. d3 e6 11. Nd4 Bc5 12. Nb5 Nc6 13. e4 dxe4 14. dxe4 O-O 15. Nc3 Raa8 16. Bg5 Ng4 17. h3 Nge5 18. Kh2 h6 19. Bd2 Rfd8 20. Bf4 Nd3 21. Be3 Bxe3 22. fxe3 Nde5 23. Nb5 Rd2 24. Kg1 Ra2 25. h4 Nc4 26. Nd4 Nxe3 27. Nxc6 Rxg2+ 28. Kh1 bxc6 29. Rf3 Re2 30. Rc1 c5 0-1

[Event "November 21 Early 2023"]
[Site "https://www.chess.com"]
[Date "2023.11.21"]
[Round "5"]
[White "Witty_Alien"]
[Black "Lund, Gunnar"]
[Result "0-1"]
[Board "135"]
[TimeControl "180+1"]
[BlackFideId "1520814"]
[WhiteElo "2290"]
[BlackElo "2233"]
[BlackTeam "NOR"]
[WhiteClock "0:00:02"]
[BlackClock "0:02:34"]

1. e4 h6 2. d4 a6 3. a4 e6 4. Nf3 d6 5. Nc3 Nc6 6. Be3 Bd7 7. Bd3 e5 8. O-O Nf6 9. Nh4 exd4 10. Bc4 dxe3 11. fxe3 Ne5 12. Bb3 Be7 13. Nd5 Nxd5 14. Nf5 Bxf5 15. Qxd5 Be6 16. Qxb7 Bxb3 17. Qxb3 O-O 0-1

[Event "November 21 Early 2023"]
[Site "https://www.chess.com"]
[Date "2023.11.21"]
[Round "5"]
[White "Dodaro, Mattia"]
[Black "Do Nascimento,Christian Almeida"]
[Result "0-1"]
[Board "136"]
[TimeControl "180+1"]
[WhiteFideId "28583400"]
[BlackFideId "2143801"]
[WhiteElo "2243"]
[BlackElo "2118"]
[WhiteTeam "ITA"]
[BlackTeam "BRA"]
[WhiteClock "0:00:02"]
[BlackClock "0:00:18"]

1. Nf3 Nf6 2. g3 g6 3. Bg2 Bg7 4. O-O O-O 5. Re1 c5 6. e4 d6 7. c3 Nc6 8. d4 cxd4 9. cxd4 Bg4 10. Nc3 Nd7 11. Be3 e5 12. d5 Nd4 13. Bxd4 exd4 14. Nb5 Qb6 15. Nbxd4 Qxb2 16. Rb1 Qc3 17. Rxb7 Nc5 18. Rb1 Nd3 19. Nb5 Qxe1+ 20. Nxe1 Bxd1 21. Rxd1 Nxe1 22. Rxe1 Rfd8 23. Bh3 Bf8 24. Rc1 a6 25. Nc7 Ra7 26. Rc6 Rb8 27. Nxa6 Rb1+ 28. Bf1 Rb2 29. a4 Ra2 30. Bb5 h5 31. Kg2 g5 32. h3 Re7 33. Rc4 f5 34. exf5 Ree2 35. Bd7 Rxf2+ 36. Kg1 Rg2+ 37. Kf1 Rh2 38. Kg1 Rhg2+ 39. Kf1 Rxg3 40. f6 Rf3+ 41. Kg1 Rxf6 42. Nb4 Ra1+ 43. Kg2 Raf1 44. Nc6 R6f2+ 45. Kg3 Rf3+ 46. Kg2 R1f2+ 47. Kg1 Ra2 48. Be6+ Kg7 49. Nd4 Rf4 50. Nf5+ Kf6 51. Rc7 Ke5 52. Rf7 Rb4 53. Ne3 Rb1+ 54. Nf1 Bh6 55. Rf5+ Kd4 56. Rf6 Bg7 57. Rg6 Be5 58. Rxg5 Bh2+ 59. Kh1 Rxf1+ 60. Rg1 Rxg1# 0-1

[Event "November 21 Early 2023"]
[Site "https://www.chess.com"]
[Date "2023.11.21"]
[Round "5"]
[White "Hajiyev, Kanan"]
[Black "le-castor-faineant"]
[Result "1-0"]
[Board "138"]
[TimeControl "180+1"]
[WhiteFideId "13404148"]
[WhiteElo "2102"]
[BlackElo "2247"]
[WhiteTeam "AZE"]
[WhiteClock "0:00:10"]
[BlackClock "0:00:44"]

1. d4 Nf6 2. Nf3 g6 3. c4 Bg7 4. g3 d6 5. Bg2 O-O 6. O-O c5 7. b3 cxd4 8. Nxd4 Nbd7 9. Bb2 a5 10. Nc3 Nc5 11. Qc2 Nfd7 12. Rad1 e5 13. Ndb5 Ne6 14. Rxd6 Nd4 15. Nxd4 exd4 16. Nb5 Qe7 17. Rd1 Nc5 18. Bxd4 Bf5 19. Qb2 Bxd4 20. Qxd4 Ne6 21. Qe5 Rfd8 22. Bxb7 Qxb7 23. Rxd8+ Rxd8 24. Rxd8+ Nxd8 25. Qe8+ Kg7 26. Qxd8 a4 27. Qd4+ Kg8 28. Nd6 Qd7 29. Nxf5 Qxf5 30. bxa4 Qb1+ 31. Kg2 Qxa2 32. c5 h5 33. c6 Qc2 34. Qf6 Qxe2 35. c7 Qe4+ 36. Kh3 Qc4 37. Qd8+ Kh7 38. c8=Q Qf1+ 39. Kh4 g5+ 40. Qxg5 1-0

[Event "November 21 Early 2023"]
[Site "https://www.chess.com"]
[Date "2023.11.21"]
[Round "5"]
[White "Graca, Robert"]
[Black "Cueto, Jonny"]
[Result "1-0"]
[Board "139"]
[TimeControl "180+1"]
[WhiteFideId "644943"]
[BlackFideId "3300145"]
[WhiteElo "2204"]
[BlackElo "2155"]
[WhiteTeam "FRA"]
[BlackTeam "BOL"]
[WhiteClock "0:00:09"]
[BlackClock "0:00:01"]

1. Nf3 Nf6 2. c4 d6 3. d4 g6 4. Nc3 Bf5 5. g3 Ne4 6. Nxe4 Bxe4 7. Bg2 Bg7 8. O-O O-O 9. Be3 c5 10. Ne1 Bxg2 11. Nxg2 Qb6 12. dxc5 dxc5 13. Rb1 Nc6 14. Nf4 e6 15. Nd3 Nd4 16. Bxd4 Bxd4 17. e3 Bg7 18. a3 Rfd8 19. Qe2 Rd7 20. b4 cxb4 21. axb4 Rad8 22. Nc5 Rd2 23. Qf3 Qc6 24. Ne4 R2d7 25. b5 Qxc4 26. Rfc1 Qa4 27. h4 h6 28. h5 g5 29. Nc5 Qa2 30. Nxd7 Rxd7 31. Rc8+ Kh7 32. Rd1 Re7 33. Qe4+ f5 34. Qd3 Qb2 35. Qd8 Qb3 36. Qg8# 1-0

[Event "November 21 Early 2023"]
[Site "https://www.chess.com"]
[Date "2023.11.21"]
[Round "5"]
[White "Pinto, Daniel"]
[Black "Florianovitz, Derlei Alex"]
[Result "1-0"]
[Board "140"]
[TimeControl "180+1"]
[WhiteFideId "3303144"]
[BlackFideId "2114178"]
[WhiteElo "2149"]
[BlackElo "1953"]
[WhiteTeam "BOL"]
[BlackTeam "BRA"]
[WhiteClock "0:00:04"]
[BlackClock "0:00:00"]

1. c4 c5 2. Nc3 Nc6 3. g3 g6 4. Bg2 Bg7 5. a3 e5 6. e3 a5 7. Nge2 Nge7 8. O-O d6 9. Rb1 O-O 10. d3 Be6 11. Nd5 Rb8 12. b4 axb4 13. axb4 Bxd5 14. cxd5 Nxb4 15. d4 exd4 16. exd4 b6 17. dxc5 bxc5 18. Re1 Nf5 19. Bf4 Nd4 20. Nxd4 Bxd4 21. h4 Qf6 22. Bg5 Qxf2+ 23. Kh2 Be5 24. Rb3 Qa2 25. Re2 Qa1 26. Rb1 Qd4 27. Qxd4 Bxd4 28. Be7 Rfe8 29. Bxd6 Rxe2 30. Bxb8 Nd3 31. d6 Ne1 32. d7 Bf6 33. Kh3 Nxg2 34. Bc7 Rd2 35. Rb8+ Kg7 36. d8=Q Bxd8 37. Rxd8 Rxd8 38. Bxd8 Ne1 39. Ba5 Nd3 40. Bc3+ 1-0

[Event "November 21 Early 2023"]
[Site "https://www.chess.com"]
[Date "2023.11.21"]
[Round "5"]
[White "Eugene, Floryan"]
[Black "Quirke, Jeffrey"]
[Result "1-0"]
[Board "141"]
[TimeControl "180+1"]
[WhiteFideId "20694784"]
[BlackFideId "2013029"]
[WhiteElo "2369"]
[BlackElo "2223"]
[WhiteTeam "FRA"]
[BlackTeam "USA"]
[WhiteClock "0:01:19"]
[BlackClock "0:00:00"]

1. d4 Nf6 2. c4 g6 3. Nf3 Bg7 4. Nc3 d5 5. Bg5 Ne4 6. Bh4 Nxc3 7. bxc3 dxc4 8. e3 Be6 9. Qb1 c5 10. Qxb7 Nd7 11. Be2 O-O 12. O-O Qa5 13. Rfc1 Rab8 14. Qe4 Rb2 15. Bf1 Nf6 16. Bxf6 Bxf6 17. d5 Bf5 18. Qxc4 Bc2 19. Ne1 Bxc3 20. Nxc2 Rxc2 21. Rxc2 Bxa1 22. Qxc5 Qxc5 23. Rxc5 Rb8 24. Rc7 Bf6 25. Rxa7 Rb2 26. g3 Kg7 27. a4 h5 28. h4 Ra2 29. a5 1-0

[Event "November 21 Early 2023"]
[Site "https://www.chess.com"]
[Date "2023.11.21"]
[Round "5"]
[White "Semenova, Alina"]
[Black "Kuegel, Tobias"]
[Result "0-1"]
[Board "142"]
[TimeControl "180+1"]
[WhiteFideId "24113875"]
[BlackFideId "4636295"]
[WhiteElo "1827"]
[BlackElo "2213"]
[WhiteTeam "RUS"]
[BlackTeam "GER"]
[WhiteClock "0:00:00"]
[BlackClock "0:00:02"]

1. e4 e5 2. Nf3 Nc6 3. d4 exd4 4. Nxd4 Nf6 5. Nxc6 bxc6 6. e5 Qe7 7. Qe2 Nd5 8. c4 Ba6 9. b3 g6 10. Bb2 Bg7 11. g3 O-O 12. Bg2 Rae8 13. O-O Bxe5 14. Qxe5 Qxe5 15. Bxe5 Rxe5 16. cxd5 Bxf1 17. Kxf1 cxd5 18. Nd2 Rfe8 19. Rd1 c6 20. f4 Re3 21. Nf3 Rc3 22. Rd2 a5 23. Kf2 Ra8 24. Ne5 d6 25. Nxc6 Rxc6 26. Bxd5 Rac8 27. Bxc6 Rxc6 28. Ke3 Kf8 29. Rd5 Ra6 30. Kd4 Ke7 31. Rb5 Ke6 32. h3 h5 33. g4 hxg4 34. hxg4 f5 35. g5 a4 36. b4 a3 37. Ra5 Rb6 38. Kc4 d5+ 39. Kb3 d4 40. Re5+ Kd6 41. b5 d3 42. Kc3 Rb8 43. Kxd3 Rh8 44. b6 Rh3+ 45. Kc4 Kc6 46. Re6+ Kb7 47. Rxg6 Rh4 48. Kb3 Rxf4 49. Kxa3 Rg4 50. Kb3 f4 51. a4 f3 52. a5 f2 53. Rg7+ Ka6 54. Ra7+ Kb5 55. b7 Rb4+ 56. Ka3 Ra4+ 57. Kb3 Rb4+ 58. Kc3 Kc5 59. b8=Q Rxb8 60. Rf7 Rg8 61. Rxf2 Rxg5 62. Ra2 Rg3+ 63. Kb2 Kb4 0-1

[Event "November 21 Early 2023"]
[Site "https://www.chess.com"]
[Date "2023.11.21"]
[Round "5"]
[White "Tasev, Dejan"]
[Black "Mishra, Manoj"]
[Result "1-0"]
[Board "143"]
[TimeControl "180+1"]
[WhiteFideId "936618"]
[BlackFideId "5006007"]
[WhiteElo "2248"]
[BlackElo "1847"]
[WhiteTeam "SRB"]
[BlackTeam "IND"]
[WhiteClock "0:01:40"]
[BlackClock "0:00:17"]

1. e4 c5 2. Nf3 d6 3. Nc3 Nf6 4. d4 cxd4 5. Nxd4 a6 6. Bc4 b5 7. Bb3 e6 8. f3 Be7 9. a3 Qb6 10. Be3 Nc6 11. Qd2 Nxd4 12. Bxd4 Qc7 13. O-O O-O 14. Rfd1 Rd8 15. Rac1 Bb7 16. Qf2 Rd7 17. Ne2 a5 18. Qg3 a4 19. Ba2 d5 20. e5 Ne8 21. c3 Bc5 22. Bb1 g6 23. h4 Ng7 24. Qg5 Bd6 25. exd6 Qxd6 26. Be5 Qc5+ 27. Nd4 1-0

[Event "November 21 Early 2023"]
[Site "https://www.chess.com"]
[Date "2023.11.21"]
[Round "5"]
[White "Figorito, Nick"]
[Black "MKlose11"]
[Result "0-1"]
[Board "144"]
[TimeControl "180+1"]
[WhiteFideId "30923689"]
[WhiteElo "2384"]
[BlackElo "2651"]
[WhiteTeam "USA"]
[WhiteClock "0:00:50"]
[BlackClock "0:02:15"]

1. Nf3 Nf6 2. g3 g6 3. Bg2 Bg7 4. O-O c5 5. c4 Nc6 6. d4 cxd4 7. Nxd4 O-O 8. Nc2 d6 9. Nc3 Qa5 10. Qd2 Qh5 11. Qg5 Qxg5 12. Bxg5 Be6 13. b3 Rfe8 14. Rad1 Rac8 15. Ne3 a6 16. Bxf6 Bxf6 17. Ncd5 Bxd5 18. Nxd5 Bg7 19. Nb6 Rc7 20. Nd5 Rcc8 21. Nb6 Rb8 22. Nd7 Rbd8 23. Nb6 Kf8 24. Nd5 e6 25. Ne3 Ke7 26. Nc2 Rc8 27. a4 Rc7 28. e3 g5 29. Bxc6 bxc6 30. b4 a5 31. Rb1 axb4 32. Rxb4 Ra8 33. Rfb1 c5 34. Rb7 Kd7 35. Na3 Rxa4 36. Rxc7+ Kxc7 37. Nb5+ Kc6 38. Rc1 d5 39. cxd5+ Kxb5 40. d6 Ra7 0-1

[Event "November 21 Early 2023"]
[Site "https://www.chess.com"]
[Date "2023.11.21"]
[Round "5"]
[White "Haitin, Ilja"]
[Black "Rosner, Jonas"]
[Result "1/2-1/2"]
[Board "145"]
[TimeControl "180+1"]
[WhiteFideId "4501764"]
[BlackFideId "24608513"]
[WhiteElo "2221"]
[BlackElo "2394"]
[WhiteTeam "EST"]
[BlackTeam "GER"]
[WhiteClock "0:00:13"]
[BlackClock "0:00:53"]

1. Nf3 Nf6 2. g3 g6 3. b3 Bg7 4. Bb2 O-O 5. Bg2 c5 6. c4 Nc6 7. O-O d5 8. cxd5 Nxd5 9. Bxg7 Kxg7 10. d4 cxd4 11. Nxd4 Nxd4 12. Qxd4+ Nf6 13. Qe5 Qd6 14. Qxd6 exd6 15. Rd1 Rd8 16. Nc3 Rb8 17. Nb5 a6 18. Nxd6 b6 19. Nxc8 Rbxc8 20. Bb7 Rxd1+ 21. Rxd1 Rc2 22. Bxa6 Rxa2 23. Bc4 Rb2 24. Ra1 b5 25. Bxb5 Rxb3 26. Bc4 Rc3 27. Bd3 Rc7 28. h3 h5 29. Kg2 Re7 30. Ra4 Rc7 31. f4 Re7 32. Kf3 Rc7 33. Ra5 Rb7 34. g4 hxg4+ 35. hxg4 Rc7 36. g5 Nd7 37. Ra3 Nc5 38. Rc3 Ne6 39. Rxc7 Nxc7 40. Bc4 Kf8 41. Ke4 Ke7 42. Ke5 Ne8 43. e4 Nd6 44. Ba6 Ne8 45. f5 gxf5 46. exf5 f6+ 47. Kf4 fxg5+ 48. Kxg5 Nf6 49. Kg6 Ng4 50. Bb7 Nf6 51. Kg7 Ne8+ 52. Kg6 Nd6 53. f6+ Kf8 54. Bc6 Nf7 55. Kf5 Nh6+ 56. Kg5 Ng8 57. Kg6 Nxf6 1/2-1/2